 Dungeon Crawl Stone Soup version 0.31-a0-816-gd61d57ddb1 (webtiles) character file.

Game seed: 10592259401666991469

1019 ipx the Cudgeller (level 8, 0/79 HPs)
             Began as an Ogre Gladiator on Sept 22, 2023.
             Slain by an orc wizard
             ... wielding a +2 dagger of speed
              (3 damage)
             ... on level 7 of the Dungeon.
             The game lasted 00:38:16 (2583 turns).

ipx the Cudgeller (Ogre Gladiator)                  Turns: 2583, Time: 00:38:16

Health: 0/79       AC:  3    Str: 21    XL:     8   Next: 22%
Magic:  17/17      EV: 10    Int:  9    God:
Gold:   169        SH:  0    Dex: 10    Spells: 7/7 levels left

rFire   . . .        v - +0 giant club
rCold   . . .        (shield currently unavailable)
rNeg    . . .        b - +0 robe
rPois   .            c - +0 hat
rElec   .            G - scarf {repulsion}
rCorr   .            (gloves unavailable)
SInv    .            (boots unavailable)
Will    .....        u - amulet of magic regeneration
Stlth   +            p - ring of magical power
HPRegen 0.33/turn    (no ring)
MPRegen 0.55/turn

%: repel missiles
@: no status effects
A: large, unfitting armour, tough skin 1
a: no special abilities


You were on level 7 of the Dungeon.
You visited 1 branch of the dungeon, and saw 7 of its levels.
You also visited: Sewer.

You collected 169 gold pieces.

Inventory:

Hand Weapons
 a - a +0 flail
 v - a +0 giant club (weapon)
 B - the +8 dagger of Mutilation {freeze, rF+ Str-5 Int+3}
   (You found it on level 4 of the Dungeon)

   Str-5:     It affects your strength (-5).
   Int+3:     It affects your intelligence (+3).
   rF+:       It protects you from fire.
Missiles
 e - 4 boomerangs
 z - 6 poisoned darts
Armour
 b - a +0 robe (worn)
 c - a +0 hat (worn)
 G - a scarf of repulsion (worn)
Jewellery
 p - a ring of magical power (left hand)
 u - an amulet of magic regeneration (around neck)
Talismans
 h - a beast talisman
Wands
 d - a wand of flame (6)
 E - a wand of mindburst (11)
Scrolls
 f - 2 scrolls of fog
 g - 4 scrolls of vulnerability
 k - a scroll of silence {unknown}
 l - 2 scrolls of teleportation
 m - a scroll of acquirement {unknown}
 o - a scroll of poison {unknown}
 q - 2 scrolls of enchant armour
 r - 2 scrolls of blinking
 F - a scroll of amnesia {unknown}
Potions
 j - a potion of brilliance {unknown}
 n - a potion of might {unknown}
 s - 2 potions of curing
 t - a potion of degeneration {unknown}
 w - 3 potions of enlightenment
 C - a potion of cancellation {unknown}
 D - a potion of berserk rage {unknown}


   Skills:
 - Level 4.7 Fighting
 + Level 6.7 Maces & Flails
 + Level 4.6 Throwing
 + Level 4.2 Dodging


You had 7 spell levels left.
You didn't know any spells.
Your spell library was empty.

Dungeon Overview and Level Annotations

Branches:
Dungeon (7/15)             Temple (0/1) D:7           Sewer (visited)

Altars:
Dithmenos
Hepliaklqana
Trog
Wu Jian
Zin

Annotations:
D:5 exclusion: 2 downstairs
D:6 Maggie


Innate Abilities, Weirdness & Mutations

You are too large for most types of armour.
You have tough skin. (AC +1)


Message History

Press: ? - help, Q - select action, (/) - cycle Shift-Dir - straight line, f - white imp
Aim: a white imp (57% to hit)
You throw a large rock.
The large rock closely misses the white imp.
The white imp gestures at you.
The puff of frost is repelled.
Throw: large rock
Press: ? - help, Q - select action, (/) - cycle Shift-Dir - straight line, f - orc warrior, p - white imp
Aim: an orc warrior, wielding a +0 trident and wearing a +0 chain mail (53% to hit)
You throw a large rock. The large rock hits the white imp!
You kill the white imp!
Throw: throwing net
Press: ? - help, Q - select action, (/) - cycle Shift-Dir - straight line, f/p - orc warrior
Aim: an orc warrior, wielding a +0 trident and wearing a +0 chain mail (53% to hit)
You throw a throwing net.
The throwing net barely misses the orc warrior.
Blink to where?
Press: ? - help, Dir - move target, p - orc warrior
As you read the scroll of blinking, it crumbles to dust.
Something hits you.
* * * LOW HITPOINT WARNING * * *
Something hits you but does no damage.
The orc warrior attacks as it pursues you!
The orc warrior hits you from afar with a +0 trident!
* * * LOW HITPOINT WARNING * * *
The orc barely misses you. Something hits you but does no damage.
Something hits you.
* * * LOW HITPOINT WARNING * * *
Something hits you but does no damage. Something hits you.
* * * LOW HITPOINT WARNING * * *
Something hits you but does no damage.
A phantom comes into view.
Something hits you.
* * * LOW HITPOINT WARNING * * *
There is a stone staircase leading up here.
Something hits you.
* * * LOW HITPOINT WARNING * * *
Something hits you.
You die...

....s.........#
..##.#..##.####
#.)..#..##.#
###....).#.#
..###....#o#
......#(.#o#
>..##[.(##.#
...#..#.##o##
..##.W..@{((#
#..#####..((...
#.. ..######
... ### .#.#


You could see an orc warrior and a phantom.

Vanquished Creatures
  Eustachio (D:4)
  A steam dragon (D:7)
  2 ogres
  A kobold brigand (Sewer)
  2 scorpions
  2 jellies (D:4)
  An orc priest (D:2)
  3 iguanas
  Ijyb (D:4)
  An orc wizard (D:6)
  5 adders
  2 river rats
  A white imp (D:7)
  An ufetubus (D:5)
  2 worms
  3 dart slugs
  6 orcs
  3 endoplasms
  5 giant cockroaches
  6 hobgoblins
  13 jackals
  3 quokkas
  4 ball pythons
  2 bats
  A frilled lizard (D:2)
  5 goblins
  9 kobolds
  10 rats
96 creatures vanquished.

Notes
Turn   | Place    | Note
-------+----------+-------------------------------------------
     0 | D:1      | ipx the Ogre Gladiator began the quest for the Orb.
     0 | D:1      | Reached XP level 1. HP: 22/22 MP: 1/1
    77 | D:1      | Reached skill level 3 in Maces & Flails
    79 | D:1      | Reached XP level 2. HP: 26/29 MP: 2/2
   296 | D:2      | Reached XP level 3. HP: 18/36 MP: 3/3
   375 | D:2      | Reached skill level 4 in Maces & Flails
   818 | D:3      | Noticed an ogre
   830 | D:3      | Reached XP level 4. HP: 44/44 MP: 4/4
   956 | D:3      | Noticed Ijyb
  1023 | D:5      | Entered Level 5 of the Dungeon
  1025 | D:5      | Found a glowing drain.
  1052 | Sewer    | Entered a sewer
  1063 | Sewer    | Reached XP level 5. HP: 24/54 MP: 5/5
  1142 | Sewer    | Noticed a kobold brigand
  1166 | Sewer    | Killed a kobold brigand
  1167 | Sewer    | Reached skill level 5 in Maces & Flails
  1206 | Sewer    | Found a white marble altar of Elyvilon.
  1385 | D:4      | Killed Ijyb
  1386 | D:4      | Reached XP level 6. HP: 57/63 MP: 6/6
  1491 | D:4      | Identified the +8 dagger of Mutilation {freeze, rF+ Str-5
                  | Int+3}
  1499 | D:4      | Found a glowing silver altar of Zin.
  1597 | D:4      | Noticed Eustachio
  1649 | D:5      | Reached XP level 7. HP: 27/71 MP: 7/7
  1774 | D:5      | Found an ornate altar of the Wu Jian Council.
  1809 | D:5      | Reached skill level 6 in Maces & Flails
  1854 | D:4      | Killed Eustachio
  1934 | D:4      | Noticed a shadow
  1935 | D:4      | Found a shadowy altar of Dithmenos.
  1936 | D:4      | Found a hazy altar of Hepliaklqana.
  2257 | D:6      | Found a bloodstained altar of Trog.
  2448 | D:6      | Noticed Maggie
  2525 | D:7      | Found a staircase to the Ecumenical Temple.
  2529 | D:7      | Noticed a steam dragon
  2531 | D:7      | Reached XP level 8. HP: 79/79 MP: 8/8
  2583 | D:7      | HP: 3/79 [something (2)]
  2583 | D:7      | Slain by an orc wizard

Illustrated notes

Levels and vault maps discovered:
D:1:      saegor_arrival_simple_e, layout_loops_corners
D:2:      layout_basic
D:3:      layout_rooms, uniq_ijyb
D:4:      layout_rooms, riverfiend_overflow_shadow_ancestor,
          mainiacjoe_overflow_paths, uniq_eustachio
D:5:      layout_basic, nicolae_wu_jian_immortal_techniques,
          portal_sewer_entry_b
D:6:      layout_rooms, slow_altar_2, fedhas_ov_isle_minmay,
          kennysheep_little_box, minitemple, mrwooster_statue_mirror,
          uniq_edmund, uniq_maggie
D:7:      layout_loops_ring, minmay_temple_entry_slanted

Skill      XL: |  1  2  3  4  5  6  7  8 |
---------------+-------------------------+-----
Maces & Flails | 3 4 5 6 |  6.7
Fighting       | 3 4 |  4.7
Throwing       | 3 4 |  4.6
Dodging        | 3 4 |  4.2

Action                     |  1- 3 |  4- 6 |  7- 9 || total
---------------------------+-------+-------+-------++-------
  Melee: Flail             |   115 |   100 |       ||   215
         Punch             |       |     1 |       ||     1
         Giant club        |       |    34 |    58 ||    92
  Throw: Throwing net      |       |     4 |     1 ||     5
         Large rock        |       |     7 |     8 ||    15
         Dart              |       |     5 |    23 ||    28
    Use: Scroll            |       |     6 |     3 ||     9
         Potion            |       |       |     2 ||     2
   Stab: Sleeping          |     1 |       |       ||     1
         Held in net/web   |       |     2 |       ||     2
 Armour: Robe              |    77 |   114 |    67 ||   258
  Dodge: Dodged            |    69 |    77 |    42 ||   188
         Repelled          |       |       |     2 ||     2

Table legend: (Time is in decaauts)
 A = Elapsed time spent in this place.
 B = Non-inter-level travel time spent in this place.
 C = Inter-level travel time spent in this place.
 D = Time resting spent in this place.
 E = Time spent auto-exploring this place.
 F = Levels seen in this place.
 G = Mean time per level.
                   A        B        C        D        E       F      G
               +--------+--------+--------+--------+--------+-----+--------+
         Total |   2677 |   2417 |    260 |      5 |      0 |   8 |  334.6 |
       Dungeon |   2472 |   2212 |    260 |      5 |      0 |   7 |  353.1 |
         Sewer |    205 |    205 |      0 |      0 |      0 |   1 |  205.0 |
               +--------+--------+--------+--------+--------+-----+--------+

Top non-repeatable levels by time:
     D:5: 697 daAuts
     D:2: 522 daAuts
     D:4: 447 daAuts
     D:1: 343 daAuts
     D:3: 338 daAuts
   Sewer: 205 daAuts
     D:7: 68 daAuts
     D:6: 55 daAuts
